 Dungeon Crawl Stone Soup version 0.29.1 (webtiles) character file.

Game seed: 7897266569798162073

1358 Whitewater the Basher (level 8, -5/69 (71) HPs)
             Began as a Minotaur Berserker on Sept 14, 2022.
             Was a Priest of Trog.
             Killed from afar by a steam dragon (14 damage)
             ... with a ball of steam
             ... on level 7 of the Dungeon.
             The game lasted 00:17:02 (5272 turns).

Whitewater the Basher (Minotaur Berserker)          Turns: 5272, Time: 00:17:02

HP:   -5/69 (71)    AC: 11    Str: 24    XL:     8   Next: 37%
MP:   7/7           EV:  9    Int:  4    God:    Trog [***...]
Gold: 335           SH:  0    Dex: 10    Spells: 7/7 levels left

rFire   . . .      SeeInvis .   a - +0 whip (freeze)
rCold   . . .      Faith    .   (no shield)
rNeg    + . .      Spirit   .   v - +0 chain mail
rPois   .          Reflect  .   (helmet restricted)
rElec   .          Harm     .   (no cloak)
rCorr   .          Rampage  .   (no gloves)
Will    .....                   p - +0 pair of boots
Stlth   ..........              l - amulet of regeneration
HPRegen 1.01/turn               f - ring of positive energy
MPRegen 0.10/turn               (no ring)

@: lightly drained
A: horns 2, retaliatory headbutt
a: Renounce Religion, Berserk, Trog's Hand


You were on level 7 of the Dungeon.
You worshipped Trog.
Trog was most pleased with you.
You visited 1 branch of the dungeon, and saw 9 of its levels.

You collected 395 gold pieces.
You spent 60 gold pieces at shops.

Inventory:

Hand Weapons
 a - a +0 whip of freezing (weapon)
 q - a +0 whip of venom
Missiles
 e - 58 stones (quivered)
Armour
 p - a +0 pair of boots (worn)
 v - a +0 chain mail (worn)
Jewellery
 f - a ring of positive energy (left hand)
 l - an amulet of regeneration (around neck)
Scrolls
 c - a scroll of immolation {unknown}
 d - 2 scrolls of blinking {unknown}
 g - a scroll of magic mapping {unknown}
 h - 2 scrolls of enchant armour {unknown}
 i - a scroll of enchant weapon {unknown}
 k - a scroll of amnesia {unknown}
 n - a scroll of summoning {unknown}
 o - 2 scrolls of identify {unknown}
 r - a scroll of fear {unknown}
 w - a scroll of vulnerability {unknown}
 x - a scroll of teleportation
Potions
 b - a potion of resistance {unknown}
 j - 2 potions of might {unknown}
 m - 2 potions of haste {unknown}
 s - 2 potions of curing
 t - 2 potions of degeneration {unknown}
 u - 2 potions of heal wounds {unknown}


   Skills:
 + Level 6.6 Fighting
 + Level 8.4 Maces & Flails
 + Level 6.6 Armour
 + Level 4.2 Dodging
 + Level 1.6 Stealth


You had 7 spell levels left.
You didn't know any spells.
Your spell library was empty.

Dungeon Overview and Level Annotations

Branches:
Dungeon (9/15)
 Temple: D:4-7         Lair: D:8-11         Orc: D:9-12

Altars:
Fedhas
Hepliaklqana
Okawaru
Ru
Sif Muna

Shops:
D:1 =   D:6 *:*


Innate Abilities, Weirdness & Mutations

You have a pair of horns on your head.
You reflexively headbutt those who attack you in melee.


Message History

You hit the gnoll. You freeze the gnoll.
You kill the gnoll!
Trog accepts your kill.
You now have 335 gold pieces (gained 10).
You see here a +0 club.
There is a stone staircase leading up here.
You climb upwards.
The gnoll shouts!
The bullfrog gives a loud, deep croak!
You hear a shout! x2
Found 14 stones and a potion of curing.
Found an escape hatch in the ceiling.
Found three stone staircases leading up.
There is a stone staircase leading down here.
A steam dragon comes into view.
The steam dragon hisses angrily.
The wight hits you with a +4 battleaxe. The bullfrog hits you.
The wight barely misses you. You furiously retaliate!
You headbutt the wight.
The wight hits you from afar with a +3 trident.
The wight attacks as you move away! The wight hits you with a +4 battleaxe!
You partially resist.
You feel drained. The bullfrog hits you.
A bullfrog comes into view.
The bullfrog closely misses you. You furiously retaliate!
You headbutt the bullfrog. The bullfrog attacks as you move away!
The bullfrog hits you. The steam dragon breathes steam at you.
The ball of steam hits you!!
* * * LOW HITPOINT WARNING * * *
The bullfrog hits you!
* * * LOW HITPOINT WARNING * * *
The wight barely misses you.
You hear a shout! x2
An orc priest comes into view. It is wielding a +0 club.
There is a stone staircase leading up here.
You are engulfed in a cloud of scalding steam.
The bullfrog is engulfed in a cloud of scalding steam.
The bullfrog hits you but does no damage.
The wight is engulfed in a cloud of scalding steam.
The bullfrog is engulfed in a cloud of scalding steam.
The bullfrog hits you but does no damage.
The steam dragon breathes steam at you. The ball of steam hits you!
You die...

#. ## .###..
.### ...... ...
....... .. ..
.......##.## .F.
........!..##.#
#.....D§@..#..#
......§.zF§...##
......##§z....F#
.###...#z......#
...........<...o
##.......g.....#
#......>.......#
...##...........
.. #..((.....#.


You could see a steam dragon (catching breath), 2 bullfrogs, 2 wights, an orc
priest and a gnoll.

Vanquished Creatures
  5 ogres
  2 phantoms
  A scorpion (D:5)
  A howler monkey (D:6)
  3 hounds
  2 jellies
  An orc priest (D:6)
  2 gnoll boudas
  4 iguanas
  An orc wizard (D:6)
  11 gnolls
  9 adders
  2 ufetubi
  A worm (D:5)
  2 dart slugs (D:1)
  14 orcs
  3 bats
  2 endoplasms
  3 giant cockroaches
  8 goblins
  4 hobgoblins
  3 jackals (D:4)
  3 quokkas
  5 ball pythons
  10 kobolds
  8 rats
110 creatures vanquished.

Vanquished Creatures (others)
  2 orc wizards (D:6)
2 creatures vanquished.

Grand Total: 112 creatures vanquished

Notes
Turn   | Place    | Note
-------+----------+-------------------------------------------
     0 | D:1      | Whitewater the Minotaur Berserker began the quest for the
                  | Orb.
     0 | D:1      | Reached XP level 1. HP: 19/19 MP: 0/0
   217 | D:1      | Reached XP level 2. HP: 27/27 MP: 1/1
   262 | D:1      | Reached skill level 4 in Maces & Flails
   464 | D:1      | Reached ** piety under Trog
   509 | D:1      | Found a faded altar of an unknown god.
   521 | D:1      | Reached XP level 3. HP: 33/33 MP: 2/2
   530 | D:1      | Found Aloit's Jewellery Shop.
  1445 | D:2      | Reached XP level 4. HP: 17/40 MP: 3/3
  2019 | D:3      | Found Vuuw's Jewellery Shop.
  2022 | D:3      | Noticed an ogre
  2029 | D:3      | Killed an ogre
  2030 | D:3      | Reached skill level 5 in Maces & Flails
  2030 | D:3      | Reached XP level 5. HP: 47/47 MP: 4/4
  2188 | D:3      | Found a blossoming altar of Fedhas.
  3121 | D:4      | Reached XP level 6. HP: 53/53 MP: 5/5
  3454 | D:4      | Reached skill level 6 in Maces & Flails
  3454 | D:4      | Reached skill level 1 in Stealth
  3610 | D:4      | Reached skill level 5 in Fighting
  3610 | D:4      | Reached skill level 5 in Armour
  3875 | D:5      | Entered Level 5 of the Dungeon
  4013 | D:5      | Reached XP level 7. HP: 32/61 MP: 6/6
  4069 | D:5      | Reached *** piety under Trog
  4298 | D:5      | Reached skill level 7 in Maces & Flails
  4892 | D:6      | Found Zilorie's General Store.
  4916 | D:6      | Bought a potion of curing for 30 gold pieces
  4916 | D:6      | Bought a scroll of teleportation for 30 gold pieces
  4939 | D:6      | Reached skill level 8 in Maces & Flails
  4939 | D:6      | Reached XP level 8. HP: 69/69 MP: 7/7
  5024 | D:6      | Found an iron altar of Okawaru.
  5076 | D:6      | Found Niofoihilo's General Store.
  5098 | D:6      | Found Maown's Book Emporium.
  5211 | D:6      | Found a hazy altar of Hepliaklqana.
  5215 | D:6      | Found a shimmering blue altar of Sif Muna.
  5218 | D:6      | Found a sacrificial altar of Ru.
  5237 | D:6      | You fall into a shaft and drop 3 floors!
  5272 | D:7      | Killed from afar by a steam dragon

Illustrated notes

Levels and vault maps discovered:
D:1:      eino_arrival_cavern_d, layout_rooms,
          dreamdust_ecumenical_altar_statues, serial_shops, nicolae_shop_stone,
          corexii_item_surrounded_by_moat, minmay_door_square, minmay_distorted
D:2:      layout_loops_corners
D:3:      layout_basic, general_overflow_altar, serial_shops, shop
D:4:      layout_basic, serial_glass, glass_columns_b, glass_columns_a
D:5:      layout_gridville, minmay_misc_feat_room
D:6:      layout_basic, okawaru_trees_1, grunt_temple_overflow_cloverleaf,
          gammafunk_ghost_hive, serial_shops, shop, shop, shop,
          uniq_blork_the_orc
D:7:      layout_cave_pools, nicolae_yredelemnul_corpse_copse,
          minmay_temple_entry_offerings, serial_shops, nicolae_shop_statue_plus
D:8:      layout_layer_cave, bloody_makhleb, serial_shops, shop,
          introduction_to_nature_1, uniq_maurice
D:9:      layout_roguey, lemuel_mausoleum_altar_kikubaaqudgha,
          dpeg_lair_monsters, kennysheep_flooded_box, minmay_evil_grid,
          uniq_psyche

Skill      XL: |  1  2  3  4  5  6  7  8 |
---------------+-------------------------+-----
Maces & Flails | 4 5 6 8 |  8.4
Fighting       | 4 5 6 |  6.6
Armour         | 3 4 5 6 |  6.6
Dodging        | 3 4 |  4.2
Stealth        | 1 |  1.6

Action                   |  1- 3 |  4- 6 |  7- 9 || total
-------------------------+-------+-------+-------++-------
Melee: Mace              |    72 |     2 |       ||    74
       Headbutt          |     5 |    26 |    31 ||    62
       Whip              |       |   133 |   150 ||   283
       Punch             |       |     1 |     5 ||     6
Throw: Stone             |       |     1 |       ||     1
Invok: Berserk           |       |     1 |       ||     1
Armor: Ring mail         |    30 |    39 |     3 ||    72
       Animal skin       |     1 |       |       ||     1
       Chain mail        |       |       |    55 ||    55
Dodge: Dodged            |    63 |    85 |    51 ||   199
